Map: Luxuriance EC (Void)

Players

ayymilkyway

  • Race: Terran Terran
  • League: Master
  • Spawn Location: 7:00

Adnap - Winner!

  • Race: Terran Terran
  • League: Master
  • Spawn Location: 1:00

VOD

Have the link to the VOD?

Description

Time

  • Played on: Jan. 9, 2017, 11:24 a.m.
  • Length: 6:34
Show
View Real Time Build Order
Export as new Build Order

ayymilkyway Terran 

Build Orders: Cyclone Opening, Reaper Expand 

Get SALT Encoding   

  12  0:01  SCV  
  13  0:13  SCV  
  14  0:18  Supply Depot  
  14  0:25  SCV  
  15  0:37  Refinery  
  15  0:39  SCV  
  16  0:45  Barracks  
  16  0:51  SCV  
  17  1:03  SCV  
  18  1:15  SCV  
  19  1:31  Orbital Command  
  19  1:32  Reaper  
  20  1:42  Command Center  
  20  1:58  SCV  
  20  2:00  Factory  
  21  2:09  Refinery  
  21  2:11  SCV, Supply Depot  
  21  2:15  Barracks Reactor  
  22  2:23  SCV  
  23  2:41  SCV  
  24  2:45  Cyclone  
  24  2:47  Bunker  
  27  2:56  Marine x2  
  29  2:59  SCV  
  30  3:07  SCV  
  31  3:13  Marine  
  31  3:14  SCV  
  31  3:15  Marine  
  36  3:30  Supply Depot  
  36  3:33  Marine  
  35  3:36  Supply Depot  
  35  3:37  Cyclone  
  36  3:52  SCV, Marine  
  37  4:20  Bunker  
  37  4:21  Marine  
  38  4:25  Cyclone  
  38  4:26  SCV  
  38  4:27  Orbital Command  
  42  4:39  Marine  
  42  4:44  Bunker  
  39  4:47  SCV  
  37  4:57  Marine  
  37  4:59  SCV x2  
  34  5:11  SCV  
  35  5:21  Cyclone  
  36  5:29  Bunker  
  36  5:41  Orbital Command  
  33  5:51  SCV  
  33  5:53  Cyclone  
  25  6:14  SCV x2  
Show
View Real Time Build Order
Export as new Build Order

Adnap Terran - Winner!

Build Orders: Cyclone Opening 

Get SALT Encoding   

  12  0:01  SCV  
  13  0:13  SCV  
  14  0:17  Supply Depot  
  14  0:25  SCV  
  15  0:31  Refinery  
  15  0:39  SCV  
  16  0:51  SCV  
  16  0:54  Barracks  
  17  0:58  Refinery  
  17  1:03  SCV  
  18  1:15  SCV  
  19  1:27  SCV  
  20  1:42  Factory  
  20  1:44  Orbital Command, Barracks Reactor  
  20  1:57  Supply Depot  
  20  2:11  SCV  
  21  2:24  SCV  
  22  2:32  Cyclone x2  
  22  2:37  Supply Depot  
  28  2:41  SCV  
  27  2:53  SCV  
  28  3:04  Cyclone x2  
  34  3:06  SCV  
  33  3:18  SCV  
  31  3:36  Cyclone  
  34  3:44  Cyclone  
  37  3:55  Supply Depot  
  34  4:11  Cyclone  
  34  4:20  Cyclone  
  37  4:52  Cyclone  
  34  4:53  Cyclone  
  37  5:20  SCV  
  38  5:24  Cyclone  
  41  5:32  Cyclone  
  41  5:56  Cyclone  
Tags
 
Add a new tag
Caveats
  • Supply blocks, unpowered buildings, or Contaminate may cause inaccurate times.
  • Supply counts are checked every 10 seconds.